cohdb
Replays
Latest Replays
All Replays
Popular Replays
Top Player Replays
Match Explorer
How It Works
Community
CoH3 Stats
Reddit
Sign in to upload your games and track your stats! →
Sign in with Steam
Match 42271029
Unlisted
Match 42271029
Overview
Messages
Build Orders
End
Scout Squad
Selects Special Operations Battlegroup
Selects M29 Weasel Recon Vehicle
M29 Weasel Recon Vehicle
Construct Weapon Support Center
M1919 Machine Gun Team
Bazooka Squad
Selects Smoke Screen
Smoke Screen
Sniper
Engineer Squad
Engineer Squad
Mechanized Support Center
Smoke Screen
Construct Motor Pool
Selects SSF Commando Squad
SSF Commando Squad
M3 75 mm Gun Motor Carriage
Smoke Screen
Designate Forward Repair Station
Selects Mark Vehicle
Rapid Repairs
Salvage Crew
M3 75 mm Gun Motor Carriage
qUiBbLe WiBbLe
HulkSMASH
Filthy_Westerner
Champion
Buffallobang
Miško
0
0
Comments
sign in to comment!
No comments posted yet!